 Dungeon Crawl Stone Soup version 0.29-a0-643-ga013cefcf8 (webtiles) character file.

Game seed: 2040035232152745811

6295 DocClef the Carver (level 10, -6/56 HPs)
             Began as a Tengu Fighter on June 19, 2022.
             Was a Priest of Hepliaklqana.
             Mangled by a shadow (31 damage)
             ... on level 10 of the Dungeon.
             The game lasted 00:10:11 (10359 turns).

DocClef the Carver (Tengu Fighter)                 Turns: 10359, Time: 00:10:12

Health: -6/56      AC: 11    Str: 22    XL:     10   Next: 94%
Magic:  11/11      EV: 18    Int: 10    God:    Hepliaklqana [***...]
Gold:   471        SH: 11    Dex: 23    Spells: 9/9 levels left

rFire   + + +      SeeInvis .   H - +5 scimitar
rCold   . . .      Faith    .   c - +0 buckler
rNeg    . . .      Spirit   .   L - +0 fire dragon scales
rPois   .          Reflect  +   (helmet restricted)
rElec   .          Harm     .   E - scarf {rC+ rF+}
rCorr   .          Rampage  .   K - +1 pair of gloves
Will    .....                   (boots unavailable)
Stlth   ..........              n - amulet of reflection
HPRegen 0.18/turn               p - +6 ring of dexterity
MPRegen 0.12/turn               D - +6 ring of strength

@: flying quickly and evasively, quick
A: reduced essence, beak, talons 3, nimble flight
a: Renounce Religion, Recall Ancestor, Ancestor Identity, Transference


You were on level 10 of the Dungeon.
You worshipped Hepliaklqana.
Hepliaklqana was most pleased with you.
You visited 2 branches of the dungeon, and saw 11 of its levels.

You collected 471 gold pieces.

Inventory:

Hand Weapons
 H - a +5 scimitar (weapon)
 J - a +1 short sword of electrocution
Armour
 b - a +0 scale mail
 c - a +0 buckler (worn)
 t - a +1 cloak
 C - the +1 cloak of the Blue Skies {rPois}
   (You found it on level 5 of the Dungeon)

   rPois:     It protects you from poison.
 E - a scarf of resistance (worn)
 K - a +1 pair of gloves (worn)
 L - +0 fire dragon scales (worn)
Jewellery
 n - an amulet of reflection (around neck)
 p - a +6 ring of dexterity (left hand)
 D - a +6 ring of strength (right hand)
 M - the ring of Pumor {rC+ rCorr MP+9 Dex+5 Slay-3}
   (You found it on level 10 of the Dungeon)

   [ring of magical power]

   Dex:       It affects your dexterity (+5).
   Slay:      It affects your accuracy & damage with ranged weapons and melee
   (-3).
   rC:        It protects you from cold.
   MP:        It affects your magic capacity (+9).
   rCorr:     It protects you from acid and corrosion.
 N - an amulet of the acrobat
 O - a ring of protection from cold
Wands
 q - a wand of flame (44)
 v - a wand of acid (5)
Scrolls
 a - 2 scrolls of blinking {unknown}
 e - 2 scrolls of noise {unknown}
 g - 9 scrolls of identify {unknown}
 h - 2 scrolls of amnesia {unknown}
 i - 2 scrolls of immolation {unknown}
 l - 2 scrolls of enchant weapon {unknown}
 o - 2 scrolls of teleportation {unknown}
 r - 3 scrolls of fog {unknown}
 y - a scroll of poison {unknown}
 A - 2 scrolls of torment {unknown}
 B - a scroll of brand weapon {unknown}
 F - a scroll of vulnerability {unknown}
Potions
 d - 3 potions of might
 f - 6 potions of curing
 j - 6 potions of cancellation {unknown}
 k - 3 potions of haste {unknown}
 m - 6 potions of mutation {unknown}
 s - a potion of ambrosia {unknown}
 u - 3 potions of degeneration {unknown}
 w - 2 potions of brilliance {unknown}
 x - 2 potions of berserk rage {unknown}
 z - 5 potions of heal wounds {unknown}
 G - 2 potions of lignification {unknown}
 I - a potion of attraction {unknown}
 P - a potion of resistance {unknown}


   Skills:
 - Level 7.2 Fighting
 - Level 14.0 Long Blades
 - Level 3.2 Armour
 + Level 8.2 Dodging
 - Level 3.0 Shields


You had 9 spell levels left.
You didn't know any spells.
Your spell library contained the following spells:

 Spells                   Type           Power      Damage    Failure   Level
 Summon Small Mammal      Summ           0%         N/A       85%         1
 Call Canine Familiar     Summ           0%         N/A       99%         3
 Summon Guardian Golem    Hex/Summ       0%         N/A       99%         3
 Anguish                  Hex/Necr       0%         N/A       100%        4
 Fulminant Prism          Conj/Hex       0%         3d6       100%        4
 Iskenderun's Mystic Bla  Conj/Tloc      0%         2d3       100%        4
 Lee's Rapid Deconstruct  Erth           0%         3d5*      100%        5
 Enfeeble                 Hex            0%         N/A       100%        7


Dungeon Overview and Level Annotations

Branches:
Dungeon (10/15)            Temple (1/1) D:4            Lair (0/6) D:10
    Orc: D:9-12

Altars:
Ashenzari
Cheibriados
Dithmenos
Elyvilon
Fedhas
Gozag
Hepliaklqana
Kikubaaqudgha
Nemelex Xobeh
Okawaru
Ru
Sif Muna
Trog
Uskayaw
Vehumet
Wu Jian
Xom
Yredelemnul
Zin
The Shining One

Shops:
D:10 *


Innate Abilities, Weirdness & Mutations

Your life essence is reduced to manifest your ancestor. (-10% HP)
You have a beak for a mouth.
You have claws for feet.
Your magical nature lets you fly swiftly and evasively.


Message History

P - a white potion You reach down and open the door.
There is an open door here.
There is an open door here.
There is an open door here.
There is an open door here.
You reach down and open the door.
There is an open door here.
G - 2 murky yellow potions (gained 1)
You reach down and open the door.
There is an open door here.
You reach down and open the door.
Found a stone staircase leading down.
Found 2 stones.
There is an open door here.
You reach down and open the door.
There is an open door here.
You reach down and open the door.
A shadow comes into view.
There is an open door here.
The shadow slips into darkness.
The shadow flickers and vanishes!
Deactivating autopickup; reactivate with Ctrl-A.
No target in view!
No target in view!
No target in view!
You hit something. You peck something.
The shadow strikes at you from the darkness!
Ouch! That really hurt!
Reactivating autopickup.
You closely miss the shadow. Your kick misses the shadow.
Your peck misses the shadow.
The shadow is moderately damaged.
The shadow slips into darkness.
The shadow flickers and vanishes!
Deactivating autopickup; reactivate with Ctrl-A.
You hit something. You claw something.
The shadow strikes at you from the darkness!
Ouch! That really hurt!
You die...

.....# .....# '#####
.# .### ...### ###
##+##### ##...# #.#
#......# ####'## #{#
###......# ......##
#@######.'......#
...)...#
##R#......#R.....#
.......#.
#..'.######>.....#
.)...............###
#....(.#
......##.......$.#
#......# #'#####
#'######## #......#
#.## #.#######
#......# #..##
#.......# ###'####
##..## #####'####
#...#


You could see the friendly Eshargamelat the battlemage.

Vanquished Creatures
  A two-headed ogre (D:9)
  A cyclops (D:9)
  A kobold demonologist (D:9)
  Prince Ribbit (D:7)
  2 hornets
  2 wyverns (D:9)
  An orc warrior (D:8)
  3 sky beasts
  2 black bears (D:5)
  An ice beast (D:5)
  An ogre (D:6)
  A phantom (D:5)
  A centaur (D:10)
  3 kobold brigands
  2 bullfrogs
  2 necrophages (D:6)
  A scorpion (D:4)
  Dowan (D:7)
  8 wights
  A howler monkey (D:6)
  A quasit (D:7)
  Crazy Yiuf (D:3)
  A gnoll shaman (D:5)
  6 orc priests
  Ijyb (D:3)
  An iguana (D:6)
  10 orc wizards
  4 gnolls (D:5)
  9 adders
  A shadow imp (D:7)
  3 white imps (D:7)
  An ufetubus (D:6)
  30 orcs
  6 ball pythons
  6 endoplasms
  2 giant cockroaches
  6 goblins
  3 hobgoblins
  7 jackals
  16 kobolds
  3 quokkas
  7 bats
  10 frilled lizards
  2 rats (D:2)
173 creatures vanquished.

Vanquished Creatures (collateral kills)
  A fire dragon (D:10)
  A steam dragon (D:7)
  Menkaure (D:7)
  Duvessa (D:7)
  A sky beast (D:8)
  2 centaurs
  A phantom (D:7)
  A bullfrog (D:9)
  A wight (D:9)
  3 orc wizards
  3 ufetubi (D:7)
  6 orcs
  A kobold (D:7)
23 creatures vanquished.

Grand Total: 196 creatures vanquished

Notes
Turn   | Place    | Note
-------+----------+-------------------------------------------
     0 | D:1      | DocClef the Tengu Fighter began the quest for the Orb.
     0 | D:1      | Reached XP level 1. HP: 14/14 MP: 2/2
   117 | D:1      | Reached XP level 2. HP: 19/19 MP: 3/3
   701 | D:1      | Reached XP level 3. HP: 24/24 MP: 4/4
   705 | D:1      | Found a faded altar of an unknown god.
  1905 | D:2      | Reached XP level 4. HP: 30/30 MP: 5/5
  2150 | D:3      | Reached skill level 5 in Fighting
  2514 | D:3      | Found a runed translucent door.
  2515 | D:3      | Noticed Crazy Yiuf
  2520 | D:3      | Killed Crazy Yiuf
  2521 | D:3      | Gained mutation: Your magical nature lets you fly swiftly
                  | and evasively. [Tengu growth]
  2521 | D:3      | Reached XP level 5. HP: 36/36 MP: 6/6
  2718 | D:3      | Noticed Ijyb
  2733 | D:3      | Killed Ijyb
  2799 | D:3      | Found a glowing silver altar of Zin.
  2799 | D:3      | Found a glowing golden altar of the Shining One.
  2799 | D:3      | Found a white marble altar of Elyvilon.
  3037 | D:4      | Reached XP level 6. HP: 42/42 MP: 7/7
  3138 | D:4      | Found a staircase to the Ecumenical Temple.
  3185 | Temple   | Entered the Ecumenical Temple
  3353 | Temple   | Became a worshipper of Hepliaklqana the Forgotten
  3388 | D:4      | Noticed a sky beast
  3401 | D:4      | Killed a sky beast
  3761 | D:5      | Entered Level 5 of the Dungeon
  3768 | D:5      | Noticed a black bear
  3774 | D:5      | Killed a black bear
  3775 | D:5      | Reached skill level 3 in Long Blades
  3775 | D:5      | Reached XP level 7. HP: 45/48 MP: 8/8
  3869 | D:5      | Reached skill level 4 in Long Blades
  4086 | D:5      | Found a radiant altar of Vehumet.
  4185 | D:5      | Reached skill level 5 in Long Blades
  4502 | D:5      | Reached skill level 6 in Long Blades
  4601 | D:5      | Reached XP level 8. HP: 48/53 MP: 9/9
  4724 | D:5      | Reached * piety under Hepliaklqana
  4943 | D:5      | Identified the +1 cloak of the Blue Skies {rPois}
  5033 | D:5      | Found a blossoming altar of Fedhas.
  5045 | D:5      | Reached skill level 7 in Long Blades
  5570 | D:6      | You are sucked into a shaft and drop 2 floors!
  5589 | D:8      | Reached skill level 8 in Long Blades
  5716 | D:6      | Reached skill level 9 in Long Blades
  6109 | D:6      | Reached skill level 10 in Long Blades
  6109 | D:6      | Reached XP level 9. HP: 31/51 MP: 10/10
  7083 | D:7      | Reached ** piety under Hepliaklqana
  7085 | D:7      | Noticed Duvessa
  7086 | D:7      | Remembered your ancestor Eshargamelat as a battlemage
  7089 | D:7      | Noticed Dowan
  7094 | D:7      | Killed Duvessa
  7095 | D:7      | Reached skill level 11 in Long Blades
  7098 | D:7      | Killed Dowan
  7154 | D:7      | Noticed Prince Ribbit
  7161 | D:7      | Killed Prince Ribbit
  7234 | D:7      | Noticed Menkaure
  7241 | D:7      | Reached skill level 12 in Long Blades
  7242 | D:7      | Killed Menkaure
  7604 | D:8      | Found an ancient bone altar of Kikubaaqudgha.
  7843 | D:8      | Noticed a hornet
  7849 | D:8      | Killed a hornet
  7850 | D:8      | Reached skill level 13 in Long Blades
  7934 | D:8      | Reached XP level 10. HP: 42/56 MP: 11/11
  8173 | D:9      | Noticed a cyclops
  8180 | D:9      | Killed a cyclops
  8534 | D:9      | Reached skill level 14 in Long Blades
  8542 | D:9      | Identified the +1 ring mail of Caapt {Fly rF+ Str+4 Dex-3}
  8791 | D:9      | Noticed a two-headed ogre
  8795 | D:9      | Killed a two-headed ogre
  8803 | D:9      | Reached *** piety under Hepliaklqana
  8897 | D:9      | Noticed a kobold demonologist
  8905 | D:9      | Killed a kobold demonologist
  8906 | D:9      | Reached skill level 5 in Dodging
  9566 | D:10     | Entered Level 10 of the Dungeon
  9616 | D:10     | Noticed a fire dragon
  9617 | D:10     | Found a staircase to the Lair.
  9871 | D:10     | Killed a fire dragon
 10086 | D:10     | Identified the ring of Pumor {rC+ rCorr MP+9 Dex+5 Slay-3}
 10159 | D:10     | Found Okle's Fire Supplies.
 10359 | D:10     | Mangled by a shadow

Illustrated notes

Levels and vault maps discovered:
D:1:      eino_arrival_water_star, layout_loops_ring, basic_ecumenical_altar,
          serial_aquarium, aquarium_bridge_island_small
          [aquarium_subvault_small_open, aquarium_subvault_wall,
          aquarium_subvault_bridge, aquarium_subvault_wall,
          aquarium_subvault_bridge], aquarium_window_3, aquarium_window_1,
          aquarium_window_fake, aquarium_window_1, aquarium_view_2d,
          minmay_misc_feat_pillars, st_stairs_4, minmay_lizard_pond
D:2:      layout_basic
D:3:      layout_basic, dreamdust_divine_triumvirate, kennysheep_boxes,
          uniq_crazy_yiuf_cottage, uniq_ijyb
D:4:      layout_rooms, temple_fountains
D:5:      layout_basic, nicolae_vehumet_radiance, mainiacjoe_overflow_alcove_2,
          nicolae_overflow_hidden_temple
D:6:      layout_loops_ring
D:7:      layout_rooms, serial_demonic, serial_demonic_g, serial_demonic_g,
          serial_demonic_d, serial_demonic_c, serial_demonic_e,
          serial_demonic_a, serial_demonic_d, uniq_menkaure,
          uniq_prince_ribbit1, uniq_duvessa
D:8:      layout_rooms, amcnicky_altar_gilded
D:9:      layout_grid_maze
D:10:     layout_roguey, marbit_many_paths, minmay_lair_entry_lava,
          nicolae_shop_fire_sale [nicolae_sub_dead_trees]
Temple:   nicolae_temple_great_sept

Skill      XL: |  1  2  3  4  5  6  7  8  9 10 |
---------------+-------------------------------+-----
Fighting       | 4 5 6 7 |  7.2
Long Blades    | 3 6 10 13 14 | 14.0
Dodging        | 8 |  8.2
Armour         | |  3.2
Shields        | |  3.0

Action                   |  1- 3 |  4- 6 |  7- 9 | 10-12 || total
-------------------------+-------+-------+-------+-------++-------
Melee: Long sword        |    88 |   114 |   179 |       ||   381
       Kick              |    10 |    24 |    83 |    19 ||   136
       Peck              |     9 |    18 |    56 |    11 ||    94
       Scimitar          |       |       |    66 |    59 ||   125
Invok: Ancestor Life: Ba |       |       |     1 |       ||     1
  Use: Potion            |       |       |     1 |       ||     1
 Stab: Distracted        |       |       |     1 |     1 ||     2
Armor: Scale mail        |    45 |    42 |    98 |    10 ||   195
       Fire dragon scale |       |       |       |     4 ||     4
Dodge: Dodged            |    33 |    45 |    78 |    17 ||   173
Block: Buckler           |    22 |    76 |   117 |    21 ||   236
       Reflection        |       |       |     3 |     4 ||     7

Table legend: (Time is in decaauts)
 A = Elapsed time spent in this place.
 B = Non-inter-level travel time spent in this place.
 C = Inter-level travel time spent in this place.
 D = Time resting spent in this place.
 E = Time spent auto-exploring this place.
 F = Levels seen in this place.
 G = Mean time per level.
                   A        B        C        D        E       F      G
               +--------+--------+--------+--------+--------+-----+--------+
         Total |   9979 |   9719 |    260 |    375 |   7937 |  11 |  907.2 |
       Dungeon |   9811 |   9560 |    251 |    375 |   7832 |  10 |  981.1 |
        Temple |    167 |    158 |      9 |      0 |    105 |   1 |  167.0 |
               +--------+--------+--------+--------+--------+-----+--------+

Top non-repeatable levels by time:
     D:5: 1691 daAuts
     D:9: 1521 daAuts
     D:2: 1183 daAuts
     D:6: 1039 daAuts
     D:1: 973 daAuts
     D:7: 839 daAuts
     D:3: 833 daAuts
     D:8: 624 daAuts
     D:4: 574 daAuts
    D:10: 533 daAuts
  Temple: 167 daAuts
